 Dungeon Crawl Stone Soup version 0.28-a0-793-g31680bbd8b (webtiles) character file.

Game seed: 3150255299300536185

113 Lemonice the Cutter (level 4, -5/31 HPs)
             Began as an Octopode Gladiator on Nov 5, 2021.
             Slain by a water moccasin (9 damage)
             ... on level 3 of the Dungeon.
             The game lasted 00:02:29 (2238 turns).

Lemonice the Cutter (Octopode Gladiator)            Turns: 2238, Time: 00:02:30

Health: -5/31      AC:  1    Str: 14    XL:     4   Next: 96%
Magic:  4/4        EV: 14    Int: 16    God:
Gold:   57         SH:  0    Dex: 13    Spells: 3/3 levels left

rFire   . . .      SeeInvis .   a - +0 rapier
rCold   . . .      Faith    .   (no shield)
rNeg    . . .      Spirit   .   b - +0 hat
rPois   +          Reflect  .   i - amulet of magic regeneration
rElec   .          Harm     .   m - ring "Gufew" {rPois Int+6}
rCorr   .          Rampage  .   (no ring)
Will    .....                   (no ring)
Stlth   ++........              (no ring)
HPRegen 0.10/turn               (no ring)
MPRegen 0.34/turn               (no ring)
                                (no ring)
                                (no ring)

@: lethally poisoned (-5 -> -14)
A: almost no armour, amphibious, 8 rings, camouflage 1, gelatinous body 1,
(nimble swimmer 1), tentacles
a: no special abilities


You were on level 3 of the Dungeon.
You visited 1 branch of the dungeon, and saw 3 of its levels.

You collected 172 gold pieces.
You spent 115 gold pieces at shops.

Inventory:

Hand Weapons
 a - a +0 rapier (weapon)
Missiles
 c - 3 throwing nets (quivered)
Armour
 b - a +0 hat (worn)
Jewellery
 i - an amulet of magic regeneration (around mantle)
 m - the ring "Gufew" (left tentacle) {rPois Int+6}
   (You bought it in a shop on level 3 of the Dungeon)

   [ring of intelligence]

   Int:       It affects your intelligence (+6).
   rPois:     It protects you from poison.
Scrolls
 e - 4 scrolls of identify {unknown}
 f - 2 scrolls of blinking {unknown}
 j - a scroll of holy word {unknown}
Potions
 d - 3 potions of curing {unknown}
 g - a potion of mutation {unknown}
 h - a potion of resistance {unknown}
 k - a potion of lignification {unknown}
 l - a potion of might {unknown}
 n - a potion of heal wounds {unknown}


   Skills:
 + Level 3.2 Fighting
 + Level 4.0 Short Blades
 - Level 2.0 Throwing
 + Level 4.0 Dodging


You had 3 spell levels left.
You didn't know any spells.
Your spell library contained the following spells:

 Spells                   Type           Power      Damage    Failure   Level
 Summon Small Mammal      Summ           0%         N/A       26%         1
 Static Discharge         Conj/Air       0%         N/A       36%         2
 Call Canine Familiar     Summ           0%         N/A       58%         3
 Summon Guardian Golem    Hex/Summ       0%         N/A       58%         3
 Dispel Undead            Necr           0%         3d6       94%         4
 Sticky Flame             Conj/Fire      0%         2d3       94%         4


Dungeon Overview and Level Annotations

Branches:
Dungeon (3/15)

Altars:
Nemelex Xobeh

Shops:
D:3 *

Annotations:
D:2 1 runed translucent door, Crazy Yiuf


Innate Abilities, Weirdness & Mutations

You cannot wear most types of armour.
You are amphibious.
You can wear up to eight rings at the same time.
Your skin changes colour to match your surroundings (Stealth+).
Your rubbery body absorbs attacks. (AC +1, EV +1)
((You are camouflaged near water. (Stealth+)))
You have tentacles for arms and can constrict up to eight enemies at once.


Message History

You see here a coppery potion.
A ball python is nearby!
Found a pair of gloves.
The helpless ball python fails to defend itself.
You hit the ball python.
You kill the ball python!
Found a book of Callings.
You pick up a book of Callings and begin reading...
You add the spells Summon Small Mammal, Call Canine Familiar and Summon Guardian Golem to your library.
n - a coppery potion
Okay, then.
An endoplasm comes into view.
A water moccasin and a quokka come into view.
Found 5 atropa-tipped darts and 10 stones.
Found a stone staircase leading up.
The endoplasm quivers.
An endoplasm comes into view.
The endoplasm quivers.
The water moccasin hisses angrily.
You closely miss the water moccasin. You grab the water moccasin.
You constrict the water moccasin. The water moccasin bites you.
You are poisoned.
The water moccasin poisons you! The water moccasin bites you.
You barely miss the water moccasin.
The water moccasin is lightly wounded.
You constrict the water moccasin.
You feel very sick. The water moccasin bites you.
You hit the water moccasin. You squeeze the water moccasin.
The water moccasin is moderately wounded.
You constrict the water moccasin.
You feel very sick. The water moccasin bites you.
* * * LOW HITPOINT WARNING * * *
You puncture the water moccasin!
The water moccasin is severely wounded.
You constrict the water moccasin.
* * * LOW HITPOINT WARNING * * *
You feel sick. The water moccasin bites you!
You die...

#.. #.....# # #(. #.....#
###... #.....# .....
#.....# ###(..#
####.....# #<....J
..#.....#
###....#######.#.....#
......rS.......#.....#
######.#@...........#####
#.#.................
#.#.................
#.#.................
#.#.................
#.#.................
#.#.......####......
#...[...# #......
#.......# #....(.


You could see a water moccasin, an endoplasm and a quokka.

Vanquished Creatures
  Jessica (D:2)
  3 gnolls (D:3)
  An adder (D:2)
  2 dart slugs
  An orc (D:3)
  4 ball pythons
  A bat (D:2)
  3 endoplasms
  2 giant cockroaches (D:2)
  2 goblins
  4 hobgoblins
  7 jackals
  2 quokkas (D:2)
  4 frilled lizards
  7 kobolds
44 creatures vanquished.

Notes
Turn   | Place    | Note
-------+----------+-------------------------------------------
     0 | D:1      | Lemonice the Octopode Gladiator began the quest for the
                  | Orb.
     0 | D:1      | Reached XP level 1. HP: 14/14 MP: 1/1
   205 | D:1      | Found a faded altar of an unknown god.
   217 | D:1      | Reached XP level 2. HP: 17/19 MP: 2/2
   846 | D:2      | Reached XP level 3. HP: 25/25 MP: 3/3
   887 | D:2      | Noticed Jessica
   892 | D:2      | Killed Jessica
   893 | D:2      | Reached XP level 4. HP: 24/30 MP: 4/4
   982 | D:2      | Found a sparkling altar of Nemelex Xobeh.
  1347 | D:2      | Found a runed translucent door.
  1348 | D:2      | Noticed Crazy Yiuf
  2133 | D:3      | Found Natenag's Assorted Antiques.
  2172 | D:3      | Bought a warped steel ring for 115 gold pieces
  2172 | D:3      | Identified the ring "Gufew" {rPois Int+6} (You bought it in
                  | a shop on level 3 of the Dungeon)
  2232 | D:3      | Noticed a water moccasin
  2238 | D:3      | Slain by a water moccasin

Illustrated notes

Levels and vault maps discovered:
D:1:      kennysheep_arrival_forest, layout_basic,
          hellmonk_ecumenical_altar_dog_temple
D:2:      layout_loops_corners, basic_altar, nrook_loot_triangle,
          kennysheep_crisscross, due_unseen_surprise, uniq_jessica,
          uniq_crazy_yiuf_cottage
D:3:      layout_basic, serial_shops, nicolae_square_shop

Skill      XL: |  1  2  3  4 |
---------------+-------------+-----
Fighting       | 3 |  3.2
Short Blades   | 4 |  4.0
Dodging        | 4 |  4.0
Throwing       | |  2.0

Action                   |  1- 3 |  4- 6 || total
-------------------------+-------+-------++-------
Melee: Rapier            |    36 |    58 ||    94
       Constrict         |    10 |    11 ||    21
       Tentacles         |     5 |     9 ||    14
 Stab: Sleeping          |     3 |     3 ||     6
Armor: Skin              |     2 |     1 ||     3
Dodge: Dodged            |    16 |    36 ||    52

Table legend: (Time is in decaauts)
 A = Elapsed time spent in this place.
 B = Non-inter-level travel time spent in this place.
 C = Inter-level travel time spent in this place.
 D = Time resting spent in this place.
 E = Time spent auto-exploring this place.
 F = Levels seen in this place.
 G = Mean time per level.
                   A        B        C        D        E       F      G
               +--------+--------+--------+--------+--------+-----+--------+
         Total |   2239 |   2175 |     64 |      0 |   1846 |   3 |  746.3 |
       Dungeon |   2239 |   2175 |     64 |      0 |   1846 |   3 |  746.3 |
               +--------+--------+--------+--------+--------+-----+--------+

Top non-repeatable levels by time:
     D:2: 1176 daAuts
     D:1: 753 daAuts
     D:3: 309 daAuts
